[Event "Team 45 45 League T86"]
[Site "Internet Chess Club"]
[Date "2020.10.15"]
[Round "3"]
[White "pishd"]
[Black "ascoli"]
[Result "1-0"]
[WhiteElo "1806"]
[BlackElo "1630"]
[Opening "King's Indian: Petrosian system, Stein variation"]
[ECO "E92"]
[Time "11:04:36"]
[TimeControl "2700+45"]

1. d4 Nf6 2. Nf3 g6 3. c4 Bg7 4. Nc3 O-O 5. e4 d6 6. Be2 e5 7. d5 a5 8. O-O Na6
9. Bg5 h6 10. Bh4 g5 11. Bg3 Nh5 12. Nd2 Nxg3 13. fxg3 f5 14. exf5 Bxf5 15. Nde4
Nc5 16. Nxc5 dxc5 17. Bg4 Bxg4 18. Qxg4 Rxf1+ 19. Rxf1 Qc8 20. Qxc8+ Rxc8 21.
Ne4 b6 22. Nf6+ Kh8 23. Nh5 Rf8 24. Nxg7 Rxf1+ 25. Kxf1 Kxg7 26. g4 Kf6 27. Kf2
e4 28. Ke3 Ke5 29. a4 Kf6 30. Kxe4 Kf7 31. Kf5 Kg7 32. Ke6 {Black resigns} 1-0